Map: Deathaura LE

Players

Heeebster

  • Race: Protoss Protoss
  • League: Diamond
  • Spawn Location: 5:00

ASSHQLEisbak - Winner!

  • Race: Protoss Protoss
  • Spawn Location: 11:00

VOD

Have the link to the VOD?

Description

Time

  • Played on: Nov. 14, 2020, 2:01 p.m.
  • Length: 6:03
Show
View Real Time Build Order
Export as new Build Order

Heeebster Protoss 

Build Orders:  

Get SALT Encoding   

  12  0:00  Probe  
  13  0:12  Probe (Chrono Boost)  
  14  0:16  Pylon  
  14  0:24  Probe (Chrono Boost)  
  15  0:33  Probe (Chrono Boost)  
  16  0:37  Gateway  
  16  0:43  Probe  
  16  0:46  Assimilator  
  17  0:56  Probe  
  18  0:57  Assimilator  
  18  1:08  Probe  
  19  1:20  Probe  
  19  1:22  Gateway  
  20  1:28  Pylon  
  21  1:43  Cybernetics Core  
  14  2:00  Probe (Chrono Boost)  
  13  2:10  Probe (Chrono Boost)  
  13  2:14  Pylon  
  14  2:24  Stalker (Chrono Boost)  
  16  2:34  Shield Battery  
  16  2:43  Shield Battery  
  16  3:03  Gateway  
  16  3:06  Gateway  
  16  3:20  Shield Battery  
  16  3:24  Pylon  
  15  3:45  Shield Battery  
  15  3:50  Stalker  
  16  3:59  Stalker  
  18  4:08  Shield Battery  
  18  4:14  Shield Battery, Probe (Chrono Boost)  
  19  4:34  Pylon  
  19  4:49  Probe  
  19  4:51  Pylon  
  20  5:01  Probe  
  19  5:15  Zealot x2  
  15  5:54  Cybernetics Core  
Show
View Real Time Build Order
Export as new Build Order

ASSHQLEisbak Protoss - Winner!

Build Orders:  

Get SALT Encoding   

  12  0:02  Probe  
  13  0:15  Probe  
  13  0:18  Pylon  
  14  0:27  Probe  
  15  0:37  Forge  
  15  0:50  Pylon  
  15  1:18  Photon Cannon  
  15  1:19  Photon Cannon  
  15  1:26  Pylon  
  15  1:33  Pylon  
  14  1:44  Probe  
  15  2:00  Probe (Chrono Boost)  
  16  2:03  Assimilator  
  16  2:11  Probe (Chrono Boost)  
  17  2:27  Probe (Chrono Boost)  
  17  2:28  Gateway  
  18  2:33  Pylon  
  18  2:36  Probe (Chrono Boost)  
  19  2:37  Photon Cannon  
  19  2:41  Probe (Chrono Boost)  
  19  3:02  Photon Cannon  
  19  3:03  Photon Cannon  
  19  3:08  Pylon  
  19  3:23  Cybernetics Core  
  19  3:24  Probe (Chrono Boost)  
  19  3:25  Photon Cannon  
  20  3:40  Photon Cannon  
  20  3:46  Pylon  
  20  3:58  Photon Cannon  
  20  4:04  Robotics Facility  
  21  4:16  Assimilator  
  20  4:35  Pylon  
  20  4:40  Pylon  
  20  4:47  Photon Cannon  
  20  4:48  Immortal (Chrono Boost)  
  24  5:05  Pylon  
  24  5:32  Photon Cannon  
  24  5:34  Photon Cannon  
  28  5:58  Photon Cannon  
Tags
 
League
Diamond
Matchup
PvP
Replay Pack
Replays
Spawn Locations
Cross Positions
Add a new tag
Caveats
  • Supply blocks, unpowered buildings, or Contaminate may cause inaccurate times.
  • Supply counts are checked every 10 seconds.